 Dungeon Crawl Stone Soup version 0.32-a0-872-g59262bdc9b (webtiles) character file.

Game seed: 2374546311401452911

2053 funkygono the Thaumaturge (level 9, -1/45 HPs)
             Began as a Deep Elf Fire Elementalist on Mar 30, 2024.
             Was a Follower of Sif Muna.
             Slain by Duvessa
             ... wielding a +0 short sword
              (12 damage)
             ... on level 7 of the Dungeon.
             The game lasted 00:11:05 (6645 turns).

funkygono the Thaumaturge (DEFE)                    Turns: 6645, Time: 00:11:06

Health: -1/45      AC:  6    Str:  5    XL:     9   Next: 4%
Magic:  14/34      EV: 12    Int: 25    God:    Sif Muna [*.....]
Gold:   411        SH:  0    Dex: 15    Spells: 17/28 levels left

rFire   . . .        q - staff of conjuration
rCold   . . .        (no shield)
rNeg    . . .        a - +0 robe
rPois   +            i - +1 helmet
rElec   .            p - +1 cloak {rPois}
rCorr   .            (no gloves)
SInv    .            (no boots)
Will    .....        (no amulet)
Stlth   ++           m - ring of wizardry
HPRegen 0.27/turn    y - ring of magical power
MPRegen 0.24/turn

%: wizardry (x1)
@: no status effects
A: no striking features
a: Renounce Religion, Channel Magic


You were on level 7 of the Dungeon.
You worshipped Sif Muna.
Sif Muna was aware of your devotion.
You visited 2 branches of the dungeon, and saw 8 of its levels.
You also visited: Sewer.

You collected 411 gold pieces.

Inventory:

Hand Weapons
 h - a +0 dagger
 o - a +4 quarterstaff of chaos
Missiles
 j - a throwing net
Armour
 a - a +0 robe (worn)
 f - an orb of light
 i - a +1 helmet (worn)
 p - a +1 cloak of poison resistance (worn)
Magical Staves
 q - a staff of conjuration (weapon)
Jewellery
 m - a ring of wizardry (left hand)
 w - a ring of protection from cold
 y - a ring of magical power (right hand)
Talismans
 n - a serpent talisman
 v - a blade talisman
Wands
 x - a wand of paralysis (14)
Scrolls
 s - a scroll of vulnerability
 t - a scroll of teleportation
 u - a scroll of poison
 z - a scroll of immolation {unknown}
Potions
 b - 2 potions of magic
 c - a potion of haste
 d - a potion of enlightenment {unknown}
 e - 4 potions of curing
 g - 2 potions of heal wounds {unknown}
 k - a potion of mutation {unknown}
 l - 3 potions of lignification
 r - a potion of degeneration {unknown}


   Skills:
 + Level 3.2 Dodging
 + Level 3.4 Stealth
 + Level 10.0 Spellcasting
 + Level 5.3 Conjurations
 + Level 8.7 Fire Magic
 * Level 1.6 Alchemy


You had 17 spell levels left.
You knew the following spells:

 Your Spells              Type           Power      Damage    Failure   Level
a - Foxfire               Conj/Fire      100%       2x1d9     1%          1
b - Scorch                Fire           100%       2d9       1%          2
c - Flame Wave            Conj/Fire      64%        2d15      1%          4
d - Olgreb's Toxic Radia  Alch           20%        N/A       11%         4

Your spell library contained the following spells:

 Spells                   Type           Power      Damage    Failure   Level
 Inner Flame              Hex/Fire       34%        N/A       1%          3
 Volatile Blastmotes      Fire/Tloc      68%        2d15      1%          3
 Mercury Vapours          Alch/Air       32%        N/A       2%          2
 Mephitic Cloud           Conj/Alch/Air  36%        N/A       2%          3
 Freezing Cloud           Conj/Ice/Air   16%        6-21      26%         5
 Ozocubu's Refrigeration  Ice            6%         4d8       100%        7
 Discord                  Hex            6%         N/A       100%        8


Dungeon Overview and Level Annotations

Branches:
Dungeon (7/15)             Temple (1/1) D:4           Sewer (visited)

Altars:
Ashenzari
Cheibriados
Dithmenos
Elyvilon
Fedhas
Gozag
Hepliaklqana
Kikubaaqudgha
Makhleb
Nemelex Xobeh
Okawaru
Qazlal
Ru
Sif Muna
Trog
Uskayaw
Vehumet
Wu Jian
Xom
Zin
The Shining One

Shops:
D:3 *   D:4 [   D:6 ?=

Annotations:
D:7 Duvessa


Message History

Duvessa is moderately wounded.
Duvessa hits you with a +0 short sword!
Casting: Foxfire (safe; 1% risk of failure)
Confirm with . or Enter, or press ? or * to list all spells.
Flames lash Duvessa.
Duvessa is heavily wounded.
Duvessa's fire resistance burns away.
The foxfire hits Duvessa but does no damage.
Duvessa is heavily wounded.
The foxfire hits Duvessa.
Duvessa is burned terribly!
Duvessa is heavily wounded.
Duvessa hits you with a +0 short sword. x2
Casting: Scorch (safe; 1% risk of failure)
Confirm with . or Enter, or press ? or * to list all spells.
You feel a surge of power!
You conjure some foxfire!
Duvessa hits you with a +0 short sword!
Casting: Foxfire (safe; 1% risk of failure)
Confirm with . or Enter, or press ? or * to list all spells.
Flames lash Duvessa.
Duvessa is burned terribly!
Duvessa is severely wounded.
The foxfire hits Duvessa but does no damage.
Duvessa is severely wounded.
The foxfire hits Duvessa.
Duvessa is burned terribly!
Duvessa is severely wounded.
Duvessa closely misses you. Duvessa barely misses you.
Casting: Scorch (safe; 1% risk of failure)
Confirm with . or Enter, or press ? or * to list all spells.
You feel a surge of power!
You conjure some foxfire!
Duvessa hits you with a +0 short sword!
* * * LOW HITPOINT WARNING * * *
Casting: Foxfire (safe; 1% risk of failure)
Confirm with . or Enter, or press ? or * to list all spells.
Flames lash Duvessa.
Duvessa is almost dead.
The foxfire hits Duvessa.
Duvessa is burned terribly!
Duvessa is almost dead.
The foxfire hits Duvessa but does no damage.
Duvessa is almost dead.
Duvessa hits you with a +0 short sword!
You die...

#.........#
#.........#
########.....#
....# #.....#
....#
#.....######
....#
#..........#
....#
#..........#
....#
#.......§§.#
....#
#........@.#
#####
####.....e##
######'# ..)
....§ ......#
........
##.....>..
##########


You could see Duvessa (berserk, fast, combustible).

Vanquished Creatures
  2 black bears (D:6)
  An orc warrior (D:7)
  2 ice beasts
  4 ogres
  A crocodile (Sewer)
  A phantom (D:7)
  A brain worm (Sewer)
  3 scorpions
  Dowan (D:7)
  A howler monkey (D:3)
  3 bombardier beetles (D:5)
  4 hounds
  An orc priest (D:5)
  Crazy Yiuf (D:3)
  2 jellies (D:5)
  4 iguanas
  2 sleepcaps (D:6)
  Jessica (D:3)
  Natasha (thrice) (D:2)
  9 adders
  2 ufetubi (D:6)
  2 dart slugs
  A ribbon worm (D:4)
  10 orcs
  8 bats
  6 endoplasms
  4 giant cockroaches
  6 goblins
  7 hobgoblins
  2 quokkas
  11 ball pythons
  4 frilled lizards
  8 kobolds
  A rat (D:2)
119 creatures vanquished.

Vanquished Creatures (others)
  437 foxfires
437 creatures vanquished.

Grand Total: 556 creatures vanquished

Notes
Turn   | Place    | Note
-------+----------+-------------------------------------------
     0 | D:1      | funkygono the Deep Elf Fire Elementalist began the quest
                  | for the Orb.
     0 | D:1      | Reached XP level 1. HP: 10/10 MP: 6/6
   235 | D:1      | Reached XP level 2. HP: 15/15 MP: 1/8
   238 | D:1      | Learned a level 2 spell: Scorch
  1019 | D:2      | Noticed Natasha
  1026 | D:2      | Killed Natasha
  1027 | D:2      | Reached XP level 3. HP: 6/19 MP: 1/10
  1141 | D:2      | Noticed Natasha
  1146 | D:2      | Killed Natasha
  1147 | D:2      | Reached XP level 4. HP: 24/24 MP: 4/11
  1151 | D:2      | Noticed Natasha
  1154 | D:2      | Killed Natasha
  1155 | D:2      | Reached skill level 4 in Spellcasting
  1634 | D:2      | Found a faded altar of an unknown god.
  1885 | D:3      | Noticed an ice beast
  1890 | D:3      | Killed an ice beast
  1891 | D:3      | Reached skill level 5 in Spellcasting
  1891 | D:3      | Reached skill level 5 in Fire Magic
  1891 | D:3      | Reached XP level 5. HP: 28/28 MP: 6/14
  2212 | D:3      | Reached XP level 6. HP: 32/32 MP: 3/16
  2498 | D:3      | Noticed Jessica
  2502 | D:3      | Killed Jessica
  2632 | D:3      | Found a runed translucent door.
  2633 | D:3      | Noticed Crazy Yiuf
  2769 | D:3      | Found Vibo's Assorted Antiques.
  3037 | D:3      | Killed Crazy Yiuf
  3154 | D:4      | Found an opulent altar of Gozag.
  3171 | D:4      | Found a blossoming altar of Fedhas.
  3174 | D:4      | Found a snail-covered altar of Cheibriados.
  3178 | D:4      | Found a sacrificial altar of Ru.
  3273 | D:4      | Learned a level 4 spell: Flame Wave
  3365 | D:4      | Found Cezol's Armour Shoppe.
  3413 | D:4      | Found a staircase to the Ecumenical Temple.
  3425 | Temple   | Entered the Ecumenical Temple
  3432 | Temple   | Became a worshipper of Sif Muna the Loreminder
  3581 | D:4      | Reached skill level 6 in Spellcasting
  4015 | D:5      | Entered Level 5 of the Dungeon
  4102 | D:5      | Reached XP level 7. HP: 36/36 MP: 11/18
  4149 | D:5      | Found a broken altar of Ashenzari.
  4164 | D:5      | Reached skill level 7 in Spellcasting
  4692 | D:5      | Reached XP level 8. HP: 41/41 MP: 14/21
  4693 | D:5      | Reached skill level 8 in Spellcasting
  5263 | D:5      | Found a burning altar of Makhleb.
  5463 | D:6      | Found a glowing drain.
  5472 | Sewer    | Entered a sewer
  5639 | Sewer    | Reached skill level 9 in Spellcasting
  5639 | Sewer    | Reached skill level 5 in Conjurations
  5798 | D:6      | Reached * piety under Sif Muna
  6000 | D:6      | Learned a level 4 spell: Olgreb's Toxic Radiance
  6110 | D:6      | Found Urchel's Magic Scroll Shop.
  6154 | D:6      | Found Liefur Qope's Jewellery Shop.
  6231 | D:6      | Reached skill level 1 in Alchemy
  6617 | D:7      | Reached XP level 9. HP: 43/45 MP: 24/24
  6629 | D:7      | Noticed Duvessa
  6629 | D:7      | Noticed Dowan
  6638 | D:7      | Killed Dowan
  6639 | D:7      | Reached skill level 10 in Spellcasting
  6645 | D:7      | Slain by Duvessa

Illustrated notes

Levels and vault maps discovered:
D:1:      grunt_arrival_crossed_arrows, layout_rooms, grunt_decor_clamped
D:2:      layout_loops_ring, ebering_ecumenical_altar_petrified,
          minmay_distorted, uniq_natasha
D:3:      layout_basic, serial_shops, shop, nicolae_half_adder, uniq_jessica,
          uniq_crazy_yiuf_cottage
D:4:      wad_pebble_path, layout_basic, nicolae_overflow_macrodata_refinement,
          minmay_temple_entry_fiery, nicolae_inconvenience_store
D:5:      layout_loops_corners, ashenzari_altar_1, makhleb_blood_cavern_becter
D:6:      layout_cave_pools, portal_sewer_entry_d, serial_shops,
          nicolae_shop_gaudy_bauble, nicolae_shop_crystal
D:7:      layout_basic, enter_bailey_3, kennysheep_generic_room_15, uniq_joseph,
          uniq_menkaure, uniq_duvessa
Temple:   hellmonk_temple_two_chambers

Skill      XL: |  1  2  3  4  5  6  7  8  9 |
---------------+----------------------------+-----
Fire Magic     | 4 5 6 7 8 |  8.7
Spellcasting   | 5 6 7 9 10 | 10.0
Conjurations   | 2 3 4 5 |  5.3
Stealth        | 3 |  3.4
Dodging        | 3 |  3.2
Alchemy        | 1 |  1.6

Action                     |  1- 3 |  4- 6 |  7- 9 || total
---------------------------+-------+-------+-------++-------
  Melee: Dagger            |     1 |       |       ||     1
   Cast: Foxfire           |    38 |   100 |   109 ||   247
         Scorch            |     5 |    17 |    36 ||    58
    Use: Scroll            |       |    10 |     3 ||    13
 Armour: Robe              |     4 |     4 |    18 ||    26
  Dodge: Dodged            |     5 |     5 |    14 ||    24

Table legend: (Time is in decaauts)
 A = Elapsed time spent in this place.
 B = Non-inter-level travel time spent in this place.
 C = Inter-level travel time spent in this place.
 D = Time resting spent in this place.
 E = Time spent auto-exploring this place.
 F = Levels seen in this place.
 G = Mean time per level.
                   A        B        C        D        E       F      G
               +--------+--------+--------+--------+--------+-----+--------+
         Total |   6662 |   6309 |    353 |     93 |   5253 |   9 |  740.2 |
       Dungeon |   6392 |   6046 |    346 |     93 |   5036 |   7 |  913.1 |
        Temple |     13 |      7 |      6 |      0 |      0 |   1 |   13.0 |
         Sewer |    255 |    255 |      0 |      0 |    217 |   1 |  255.0 |
               +--------+--------+--------+--------+--------+-----+--------+

Top non-repeatable levels by time:
     D:5: 1340 daAuts
     D:3: 1270 daAuts
     D:2: 1094 daAuts
     D:4: 863 daAuts
     D:6: 795 daAuts
     D:1: 784 daAuts
   Sewer: 255 daAuts
     D:7: 242 daAuts
  Temple: 13 daAuts
